 Dungeon Crawl Stone Soup version 0.17.1-3-g152610e (webtiles) character file.

7280 GFox the Blocker (level 11, -9/87 HPs)
             Began as a Formicid Fighter on Apr 2, 2016.
             Was an Elder of Okawaru.
             Mangled by an 11-headed hydra (10 damage)
             ... on level 1 of the Lair of Beasts on Apr 3, 2016.
             The game lasted 01:37:50 (8190 turns).

GFox the Blocker (Formicid Fighter)                 Turns: 8190, Time: 01:37:53

Health: -9/87      AC: 19    Str: 23    XL:     11   Next: 34%
Magic:  11/11      EV: 11    Int:  9    God:    Okawaru [****..]
Gold:   162        SH: 16    Dex: 18    Spells: 0 memorised, 10 levels left

rFire  + . .     SeeInvis +     a - +2 war axe (vamp)
rCold  + . .     Clarity  .     g - +0 chain mail {rC+}
rNeg   . . .     SustAt   .     L - +3 shield {rF+}
rPois  .         Gourm    .     (helmet unavailable)
rElec  .         Spirit   .     h - +2 cloak
rCorr  .         Warding  .     m - +0 pair of gloves
rMut   +         Stasis   +     p - +2 pair of boots
MR     ++...                    P - amulet of resist mutation
Stlth  ..........               i - +5 ring of dexterity
                                O - ring of Otacwiy {MR+ Dex+3}

@: very resistant to hostile enchantments, extremely unstealthy
A: permanent stasis, dig shafts and tunnels, four strong arms, antennae 3
a: Dig, Shaft Self, Heroism, Renounce Religion


You were on level 1 of the Lair of Beasts.
You worshipped Okawaru.
Okawaru was greatly pleased with you.
You were not hungry.

You visited 3 branches of the dungeon, and saw 10 of its levels.

You collected 529 gold pieces.
You spent 367 gold pieces at shops.

Inventory:

Hand Weapons
 a - a +2 vampiric war axe (weapon)
 w - the +5 whip of Slow Death {flame, rElec MP-9 Str+5}
   (You found it on level 5 of the Dungeon)

   It has been specially enchanted to burn those struck by it, causing extra
   injury to most foes and up to half again as much damage against particularly
   susceptible opponents.
   It affects your strength (+5).
   It insulates you from electricity.
   It affects your magic capacity (-9).
 B - a +1 falchion of slicing
Missiles
 J - 4 javelins (quivered)
Armour
 g - a +0 chain mail of cold resistance (worn)
 h - a +2 cloak (worn)
 m - a +0 pair of gloves (worn)
 p - a +2 pair of boots (worn)
 L - a +3 shield of fire resistance (worn)
Jewellery
 f - an uncursed ring of flight
 i - a +5 ring of dexterity (right hand)
 q - a +4 ring of slaying
 t - an uncursed ring of fire
 u - an uncursed ring of positive energy
 O - the ring of Otacwiy (left hand) {MR+ Dex+3}
   (You bought it in a shop on level 8 of the Dungeon)

   [ring of dexterity]

   It affects your dexterity (+3).
   It affects your resistance to hostile enchantments.
 P - an amulet of resist mutation (around neck)
Wands
 j - a wand of lightning (14)
 x - a wand of lightning (4)
 y - a wand of magic darts (27)
 D - a wand of paralysis (14)
Scrolls
 k - 4 scrolls of remove curse
 l - a scroll of fear
 A - a scroll of blinking {unknown}
 H - a scroll of recharging
Potions
 d - a potion of might
 n - 3 potions of brilliance
 r - 5 potions of curing
 v - a potion of invisibility
 z - a potion of haste {unknown}
 E - a potion of flight
Books
 b - a book of Conjurations

   Spells                             Type                      Level
   a - Magic Dart                     Conjuration                  1
   b - Searing Ray                    Conjuration                  2
   c - Dazzling Spray                 Conjuration/Hexes            3
   d - Fulminant Prism                Conjuration/Hexes            4
   e - Iskenderun's Mystic Blast      Conjuration                  4
   f - Iskenderun's Battlesphere      Conjuration/Charms           5
 s - Jessica's Collected Works on Talismans
   (You found it on level 3 of the Dungeon)

   Spells                             Type                      Level
   a - Shroud of Golubria             Charms/Translocation         2
 C - the Reference Book on Illusion and Confrontation
   (You found it on level 6 of the Dungeon)

   Spells                             Type                      Level
   a - Summon Small Mammal            Summoning                    1
   b - Summon Guardian Golem          Hexes/Summoning              3
   c - Throw Icicle                   Conjuration/Ice              4
   d - Summon Forest                  Summoning/Translocation      5
   e - Spellforged Servitor           Conjuration/Summoning        7
 F - a book of Power

   Spells                             Type                      Level
   a - Fulminant Prism                Conjuration/Hexes            4
   b - Iskenderun's Mystic Blast      Conjuration                  4
   c - Venom Bolt                     Conjuration/Poison           5
   d - Bolt of Magma                  Conjuration/Fire/Earth       5
   e - Iron Shot                      Conjuration/Earth            6
   f - Orb of Destruction             Conjuration                  7
   g - Spellforged Servitor           Conjuration/Summoning        7
 I - a book of the Warp

   Spells                             Type                      Level
   a - Recall                         Summoning/Translocation      3
   b - Gell's Gravitas                Hexes/Translocation          3
   c - Force Lance                    Conjuration/Translocation    4
   d - Phase Shift                    Translocation                5
   e - Warp Weapon                    Charms/Translocation         5
   f - Summon Forest                  Summoning/Translocation      5
Miscellaneous
 o - a plain deck of changes {Dowsing}
Comestibles
 c - 10 royal jellies
 e - 3 bread rations
 K - a chunk of flesh
 N - a beef jerky


   Skills:
 + Level 8.8 Fighting
 + Level 7.4(8.0) Axes
 + Level 4.4(6.5) Maces & Flails
 + Level 0.2 Throwing
 + Level 8.8 Armour
 + Level 4.3 Dodging
 + Level 0.6 Stealth
 + Level 10.7 Shields
 + Level 1.3 Evocations


You had 10 spell levels left.
You didn't know any spells.

Dungeon Overview and Level Annotations

Branches:
Dungeon (8/15)             Temple (1/1) D:7            Lair (1/8) D:8

Altars:
Ashenzari
Dithmenos
Elyvilon
Fedhas
Gozag
Kikubaaqudgha
Makhleb
Nemelex Xobeh
Okawaru
Qazlal
Ru
Sif Muna
Trog
Vehumet
Xom
Zin

Shops:
D:4 (   D:6 (   D:8 =


Innate Abilities, Weirdness & Mutations

You are under a permanent stasis effect.
You can dig through walls and to a lower floor.
Your four strong arms can wield two-handed weapons with a shield.
You have a pair of large antennae on your head (SInv).


Message History

The 11-headed hydra bites you but does no damage. x2
You block the 11-headed hydra's attack. x2
The 11-headed hydra bites you but does no damage.
The 11-headed hydra bites you!
* * * LOW HITPOINT WARNING * * *
Read which item? (? for menu, Esc to quit)
As you read the scroll of fear, it crumbles to dust.
You assume a fearsome visage.
The 11-headed hydra resists with some effort.
You block the 11-headed hydra's attack. x3
The 11-headed hydra bites you!
* * * LOW HITPOINT WARNING * * *
The 11-headed hydra bites you but does no damage.
The 11-headed hydra bites you.
* * * LOW HITPOINT WARNING * * *
You block the 11-headed hydra's attack. The 11-headed hydra barely misses you.
The 11-headed hydra bites you!
* * * LOW HITPOINT WARNING * * *
The 11-headed hydra closely misses you. The 11-headed hydra bites you!
You die...

....♣♣♣≈≈≈≈≈≈≈.≈..........
###...≈♣≈P≈≈≈≈≈≈≈≈.....?..
......#♣♣P≈♣♣≈≈♣♣.........
........♣♣♣♣♣♣♣♣..........
.......(.♣♣♣♣♣............
.......≈≈≈≈...............
.......≈#≈≈...............
.......≈##≈...............
.......≈≈≈≈.....@.........
...###...........D.......
..## .##.P......(......
...# ####....#.#(.....
#P.# #.....##.(... ...##
##.... .... ....# #....
... ...## #... ... ...#


You could see a 11-headed hydra.

Vanquished Creatures
  Erica (D:8)
  The ghost of droidenko the Blocker, a novice MiFi of Okawaru (D:8)
  Pikel (D:8)
  A black mamba (Lair:1)
  A spiny frog (Lair:1)
  A fire drake (Lair:1)
  Grinder (D:4)
  5 blink frogs (Lair:1)
  A hungry ghost (D:6)
  3 hippogriffs (Lair:1)
  Edmund (D:6)
  Duvessa (D:6)
  A sky beast (D:8)
  A water moccasin (Lair:1)
  An ice beast (D:4)
  An orc warrior (D:8)
  3 porcupines (Lair:1)
  An ogre (D:6)
  3 crocodiles (Lair:1)
  5 centaurs
  Blork the orc (D:6)
  5 giant frogs
  A scorpion (D:7)
  Dowan (D:6)
  2 crimson imps
  2 electric eels (Lair:1)
  2 hounds
  4 jellies
  3 worker ants (D:8)
  A giant frog skeleton (D:6)
  2 orc priests (D:5)
  Jessica (D:3)
  A centaur zombie (D:6)
  3 orc wizards
  7 iguanas
  2 hound zombies
  2 worker ant zombies
  8 adders
  4 gnolls (D:3)
  5 river rats (Lair:1)
  A shadow imp (D:6)
  7 oozes
  2 worms (D:2)
  A giant gecko (D:2)
  21 orcs
  3 ball pythons
  9 giant cockroaches
  11 hobgoblins
  3 kobolds
  4 quokkas
  9 bats
  5 giant newts
  9 goblins
  12 jackals
  A jackal skeleton (D:8)
  5 rats
  A plant (Lair:1)
195 creatures vanquished.

Vanquished Creatures (others)
  An ogre (D:8)
1 creature vanquished.

Grand Total: 196 creatures vanquished

Notes
Turn   | Place    | Note
--------------------------------------------------------------
     0 | D:1      | GFox the Formicid Fighter began the quest for the Orb.
     0 | D:1      | Reached XP level 1. HP: 18/18 MP: 1/1
   196 | D:1      | Reached XP level 2. HP: 18/25 MP: 2/2
   669 | D:1      | Reached XP level 3. HP: 30/30 MP: 3/3
  1172 | D:2      | Reached skill level 4 in Shields
  1394 | D:2      | Found a sparkling altar of Nemelex Xobeh.
  1565 | D:2      | Reached XP level 4. HP: 37/37 MP: 4/4
  1743 | D:2      | Found a faded altar to an unknown god.
  2231 | D:3      | Reached skill level 1 in Dodging
  2235 | D:3      | Reached XP level 5. HP: 42/42 MP: 5/5
  2347 | D:3      | Noticed Jessica
  2352 | D:3      | Killed Jessica
  2367 | D:3      | Identified Jessica's Collected Works on Talismans
  2439 | D:3      | Reached skill level 5 in Shields
  2452 | D:3      | Reached XP level 6. HP: 49/49 MP: 6/6
  2742 | D:3      | Found a bloodstained altar of Trog.
  2886 | D:4      | Found Ygeu's Weapon Emporium.
  2941 | D:4      | Noticed an ice beast
  2953 | D:4      | Killed an ice beast
  3101 | D:4      | Noticed Grinder
  3114 | D:4      | Killed Grinder
  3114 | D:4      | Reached skill level 5 in Fighting
  3114 | D:4      | Reached XP level 7. HP: 50/56 MP: 7/7
  3643 | D:4      | Found a deep blue altar of Sif Muna.
  3775 | D:5      | Entered Level 5 of the Dungeon
  3924 | D:5      | Got a warped whip
  3925 | D:5      | Identified the +5 whip of Slow Death {flame, rElec MP-9 Str+5} (You found it on level 5 of the Dungeon)
  3990 | D:5      | Got a wavering iron amulet
  4024 | D:5      | Reached skill level 6 in Shields
  4143 | D:5      | Reached XP level 8. HP: 45/62 MP: 0/8
  4426 | D:5      | Found an ancient bone altar of Kikubaaqudgha.
  4435 | D:5      | Identified the amulet "Ineruc" {Inacc rF- rN+ SInv Stlth+} (You found it on level 5 of the Dungeon)
  4545 | D:5      | Reached skill level 5 in Armour
  4821 | D:6      | Reached skill level 7 in Shields
  4882 | D:6      | Reached skill level 5 in Axes
  4882 | D:6      | Reached skill level 1 in Maces & Flails
  4894 | D:6      | Noticed Blork the orc
  4900 | D:6      | Killed Blork the orc
  4900 | D:6      | Reached skill level 1 in Evocations
  5105 | D:6      | Noticed Edmund
  5123 | D:6      | Killed Edmund
  5123 | D:6      | Reached XP level 9. HP: 53/69 MP: 0/9
  5220 | D:6      | Noticed Dowan
  5236 | D:6      | Killed Dowan
  5247 | D:6      | Noticed Duvessa
  5256 | D:6      | Killed Duvessa
  5343 | D:6      | Identified the Reference Book on Illusion and Confrontation
  5557 | D:6      | Found Uraor's Weapon Shoppe.
  5778 | D:7      | Found a staircase to the Ecumenical Temple.
  5790 | Temple   | Entered the Ecumenical Temple
  5844 | Temple   | Became a worshipper of Warmaster Okawaru
  6093 | D:7      | Reached skill level 8 in Shields
  6590 | D:8      | Noticed Erica
  6619 | D:8      | Killed Erica
  6619 | D:8      | Reached * piety under Okawaru
  6845 | D:8      | Noticed Pikel
  6855 | D:8      | Reached XP level 10. HP: 77/77 MP: 10/10
  6857 | D:8      | Killed Pikel
  6857 | D:8      | Reached skill level 9 in Shields
  6896 | D:8      | Identified a scroll of acquirement
  6942 | D:8      | Noticed droidenko's ghost (novice MiFi)
  6968 | D:8      | Killed droidenko's ghost
  6968 | D:8      | Reached ** piety under Okawaru
  7207 | D:8      | Found Atiwkuot's Jewellery Shop.
  7226 | D:8      | Bought the ring of Otacwiy {MR+ Dex+3} for 367 gold pieces
  7242 | D:8      | Found a staircase to the Lair.
  7246 | Lair:1   | Entered Level 1 of the Lair of Beasts
  7420 | Lair:1   | Reached *** piety under Okawaru
  7492 | Lair:1   | Noticed a spiny frog
  7498 | Lair:1   | Killed a spiny frog
  7498 | Lair:1   | Reached skill level 10 in Shields
  7536 | Lair:1   | Noticed a black mamba
  7547 | Lair:1   | Killed a black mamba
  7547 | Lair:1   | Reached XP level 11. HP: 85/87 MP: 11/11
  7560 | Lair:1   | Reached **** piety under Okawaru
  8175 | Lair:1   | Noticed a five-headed hydra
  8190 | Lair:1   | HP: 1/87 [11-headed hydra (8)]
  8190 | Lair:1   | Mangled by an 11-headed hydra

Action                   |  1- 3 |  4- 6 |  7- 9 | 10-12 || total
-------------------------+-------+-------+-------+-------++-------
Melee: War axe           |   119 |   122 |    22 |   211 ||   474
       Whip              |       |       |   187 |       ||   187
Throw: Javelin           |       |       |       |    15 ||    15
 Abil: Dig               |     2 |       |       |       ||     2
       Evoke Flight      |     1 |       |     1 |       ||     2
Evoke: Wand              |       |       |     3 |       ||     3
  Use: Scroll            |     7 |     8 |     8 |     6 ||    29
       Potion            |     2 |     4 |     6 |     1 ||    13
  Eat: Chunk             |     3 |     5 |     6 |     2 ||    16
       Bread ration      |       |       |     2 |       ||     2
       Meat ration       |       |       |     1 |       ||     1
